 Dungeon Crawl Stone Soup version 0.31-a0-662-g684573625c (webtiles) character file.

Game seed: 8567311614292464277

839 cforsyth the Charlatan (level 8, -1/60 HPs)
             Began as a Gnoll Artificer on Aug 31, 2023.
             Slain by a killer bee (2 damage)
             ... on level 7 of the Dungeon.
             The game lasted 00:05:27 (3496 turns).

cforsyth the Charlatan (Gnoll Artificer)            Turns: 3496, Time: 00:05:28

Health: -1/60      AC: 18    Str: 11    XL:     8   Next: 0%
Magic:  12/12      EV:  3    Int: 14    God:
Gold:   191        SH:  0    Dex: 12    Spells: 12/12 levels left

rFire   . . .        e - +3 scimitar
rCold   . . .        (no shield)
rNeg    . . .        A - +0 plate armour
rPois   .            (no helmet)
rElec   .            (no cloak)
rCorr   .            C - +0 pair of gloves
SInv    .            q - +0 pair of boots
Will    .....        (no amulet) Stlth
                     B - +4 ring of protection
HPRegen 0.30/turn    y - +4 ring of slaying
MPRegen 0.13/turn

%: no passive effects
@: mighty, lethally poisoned (-1 -> -14), about to teleport
A: fangs 1, strong nose, distributed training
a: no special abilities


You were on level 7 of the Dungeon.
You visited 1 branch of the dungeon, and saw 5 of its levels.

You collected 191 gold pieces.

Inventory:

Hand Weapons
 a - a +0 club
 e - a +3 scimitar (weapon)
 s - a +2 short sword of venom
Armour
 b - a +0 leather armour
 q - a +0 pair of boots (worn)
 A - a +0 plate armour (worn)
 C - a +0 pair of gloves (worn)
Jewellery
 g - a ring of positive energy
 w - a +5 ring of evasion
 y - a +4 ring of slaying (right hand)
 B - a +4 ring of protection (left hand)
Wands
 c - a wand of flame (29) (quivered)
 d - a wand of charming (14)
Scrolls
 f - 3 scrolls of vulnerability {unknown}
 i - a scroll of torment {unknown}
 j - a scroll of poison {unknown}
 k - 2 scrolls of teleportation
 m - a scroll of revelation {unknown}
 o - 2 scrolls of immolation {unknown}
 r - a scroll of fog {unknown}
 t - a scroll of identify {unknown}
 z - a scroll of enchant weapon {unknown}
Potions
 h - 2 potions of heal wounds {unknown}
 l - a potion of ambrosia {unknown}
 n - 2 potions of haste {unknown}
 p - a potion of attraction {unknown}
 u - a potion of might
 v - a potion of mutation {unknown}
 x - a potion of enlightenment {unknown}


   Skills:
 + Level 3.9 Fighting
 + Level 2.9 Short Blades
 + Level 2.9 Long Blades
 + Level 2.9 Axes
 + Level 2.9 Maces & Flails
 + Level 2.9 Polearms
 + Level 2.9 Staves
 + Level 2.9 Ranged Weapons
 + Level 2.9 Throwing
 + Level 5.4 Armour
 + Level 3.9 Dodging
 + Level 3.8 Stealth
 + Level 2.9 Shields
 + Level 2.9 Unarmed Combat
 + Level 2.9 Spellcasting
 + Level 2.3 Conjurations
 + Level 2.3 Hexes
 + Level 2.3 Summonings
 + Level 2.3 Necromancy
 + Level 2.3 Translocations
 + Level 2.3 Transmutations
 + Level 2.3 Fire Magic
 + Level 2.3 Ice Magic
 + Level 2.3 Air Magic
 + Level 2.3 Earth Magic
 + Level 2.3 Poison Magic
 + Level 3.2 Invocations
 + Level 7.2 Evocations
 + Level 2.6 Shapeshifting


You had 12 spell levels left.
You didn't know any spells.
Your spell library contained the following spells:

 Spells                   Type           Power      Damage    Failure   Level
 Freeze                   Ice            32%        1d5       100%        1
 Shock                    Conj/Air       32%        1d5       100%        1
 Frozen Ramparts          Ice            16%        1d3       100%        3
 Hailstorm                Conj/Ice       8%         3d4       100%        3
 Swiftness                Air            8%         N/A       100%        3
 Airstrike                Air            4%         2d(1-17)  100%        4


Dungeon Overview and Level Annotations

Branches:
Dungeon (4/15)
 Temple: D:4-7

Altars:


Innate Abilities, Weirdness & Mutations

You have very sharp teeth.
Your uncanny sense of smell can sniff out nearby items.
Your experience applies equally to all skills.


Message History

The killer bee stings you but does no damage.
The killer bee stings you.
The killer bee stings you but does no damage. x2
You are too injured to fight recklessly!
You are too injured to fight recklessly!
You are too injured to fight recklessly!
You are too injured to fight recklessly!
You feel sick.
The killer bee attacks as it pursues you!
The killer bee stings you but does no damage. x2
The water moccasin bites you.
You feel sick. The killer bee stings you.
You are more poisoned.
The killer bee poisons you!
The killer bee stings you but does no damage.
You feel very sick.
The killer bee stings you but does no damage. x2
As you read the scroll labelled JAASOPP SUSE, it crumbles to dust.
You feel strangely unstable.
It was a scroll of teleportation.
You feel sick.
The killer bee stings you but does no damage.
The killer bee stings you.
* * * LOW HITPOINT WARNING * * *
The killer bee stings you but does no damage.
The killer bee stings you.
* * * LOW HITPOINT WARNING * * *
You are lethally poisoned!
The killer bee poisons you!
It was a potion of might.
You feel very mighty all of a sudden.
* * * LOW HITPOINT WARNING * * *
You feel very sick.
The killer bee stings you but does no damage.
The killer bee stings you.
* * * LOW HITPOINT WARNING * * *
The killer bee stings you but does no damage. x2
The killer bee stings you.
* * * LOW HITPOINT WARNING * * *
The killer bee stings you but does no damage.
The killer bee stings you.
You die...

#.......#....)........
###'#####..###....##..
##....# ### #######..
#.....# .... #.....+
..... #.....# ...... ∆
#.....# ...... ####..#
. #.. ##y@###+###..
#.yyyy.......
#..S.........
#............
#............
#............
####....###.. #....# .
......


You could see a water moccasin and 5 killer bees.

Vanquished Creatures
  A steam dragon (D:7)
  An ice beast (D:7)
  A bullfrog (D:7)
  A scorpion (D:7)
  4 wights (D:7)
  A hound (D:7)
  Natasha (thrice) (D:2)
  An iguana (D:7)
  5 adders
  An ufetubus (D:4)
  2 worms
  A dart slug (D:4)
  9 orcs
  7 bats
  8 endoplasms
  4 giant cockroaches
  4 goblins
  9 hobgoblins
  6 jackals
  3 quokkas
  5 ball pythons
  6 frilled lizards
  8 kobolds
  3 rats
94 creatures vanquished.

Vanquished Creatures (others)
  An adder (D:2)
1 creature vanquished.

Grand Total: 95 creatures vanquished

Notes
Turn   | Place    | Note
-------+----------+-------------------------------------------
     0 | D:1      | cforsyth the Gnoll Artificer began the quest for the Orb.
     0 | D:1      | Reached XP level 1. HP: 17/17 MP: 1/1
    13 | D:1      | Noticed a minotaur zombie
   218 | D:1      | Reached XP level 2. HP: 20/23 MP: 2/2
   930 | D:2      | Reached XP level 3. HP: 22/28 MP: 3/3
  1218 | D:2      | Reached skill level 1 in Invocations
  1457 | D:2      | Noticed Natasha
  1463 | D:2      | Killed Natasha
  1464 | D:2      | Reached skill level 1 in Short Blades
  1464 | D:2      | Reached skill level 1 in Long Blades
  1464 | D:2      | Reached skill level 1 in Axes
  1464 | D:2      | Reached skill level 1 in Maces & Flails
  1464 | D:2      | Reached skill level 1 in Polearms
  1464 | D:2      | Reached skill level 1 in Staves
  1464 | D:2      | Reached skill level 1 in Ranged Weapons
  1464 | D:2      | Reached skill level 1 in Throwing
  1464 | D:2      | Reached skill level 1 in Shields
  1464 | D:2      | Reached skill level 1 in Unarmed Combat
  1464 | D:2      | Reached skill level 1 in Spellcasting
  1464 | D:2      | Reached skill level 1 in Shapeshifting
  1464 | D:2      | Reached XP level 4. HP: 16/34 MP: 5/5
  1628 | D:2      | Reached skill level 1 in Conjurations
  1628 | D:2      | Reached skill level 1 in Hexes
  1628 | D:2      | Reached skill level 1 in Summonings
  1628 | D:2      | Reached skill level 1 in Necromancy
  1628 | D:2      | Reached skill level 1 in Translocations
  1628 | D:2      | Reached skill level 1 in Transmutations
  1628 | D:2      | Reached skill level 1 in Fire Magic
  1628 | D:2      | Reached skill level 1 in Ice Magic
  1628 | D:2      | Reached skill level 1 in Air Magic
  1628 | D:2      | Reached skill level 1 in Earth Magic
  1628 | D:2      | Reached skill level 1 in Poison Magic
  1834 | D:2      | Noticed Natasha
  1845 | D:2      | Killed Natasha
  1846 | D:2      | Reached XP level 5. HP: 6/40 MP: 5/7
  2123 | D:2      | Noticed Natasha
  2125 | D:2      | Killed Natasha
  3099 | D:4      | Reached XP level 6. HP: 47/47 MP: 8/8
  3185 | D:4      | You fall into a shaft and drop 3 floors!
  3207 | D:7      | Noticed an ice beast
  3216 | D:7      | Killed an ice beast
  3217 | D:7      | Reached skill level 5 in Armour
  3234 | D:7      | Noticed a steam dragon
  3246 | D:7      | Reached skill level 7 in Evocations
  3246 | D:7      | Reached XP level 7. HP: 48/52 MP: 10/10
  3252 | D:7      | Killed a steam dragon
  3426 | D:7      | Reached XP level 8. HP: 50/60 MP: 12/12
  3470 | D:7      | Identified the +8 rapier "Demonbane" {protect, Str+4 Int-2}
  3496 | D:7      | HP: 1/60 [killer bee (4)]
  3496 | D:7      | Slain by a killer bee

Illustrated notes

Levels and vault maps discovered:
D:1:      shiori_arrival_whats_in_store_for_you, layout_loops_ring,
          chequers_serial_rivers_large_b
D:2:      layout_basic, uniq_natasha
D:3:      layout_rooms, serial_curves, eino_curves_03, eino_curves_02,
          eino_curves_03
D:4:      minmay_general_purpose_star, layout_cave_pools,
          grunt_dithmenos_smoke_and_mirrors, serial_glass, glass_columns_a,
          glass_columns_a, glass_columns_a, glass_columns_b, glass_columns_a,
          glass_columns_b
D:7:      layout_gridville

Skill      XL: |  1  2  3  4  5  6  7 |
---------------+----------------------+-----
Invocations    | 1 2 3 |  3.2
Short Blades   | 1 2 |  2.9
Long Blades    | 1 2 |  2.9
Axes           | 1 2 |  2.9
Maces & Flails | 1 2 |  2.9
Polearms       | 1 2 |  2.9
Staves         | 1 2 |  2.9
Ranged Weapons | 1 2 |  2.9
Throwing       | 1 2 |  2.9
Shields        | 1 2 |  2.9
Unarmed Combat | 1 2 |  2.9
Spellcasting   | 1 2 |  2.9
Shapeshifting  | 1 2 |  2.6
Conjurations   | 1 2 |  2.3
Hexes          | 1 2 |  2.3
Summonings     | 1 2 |  2.3
Necromancy     | 1 2 |  2.3
Translocations | 1 2 |  2.3
Transmutations | 1 2 |  2.3
Fire Magic     | 1 2 |  2.3
Ice Magic      | 1 2 |  2.3
Air Magic      | 1 2 |  2.3
Earth Magic    | 1 2 |  2.3
Poison Magic   | 1 2 |  2.3
Fighting       | 3 |  3.9
Dodging        | 3 |  3.9
Stealth        | 3 |  3.8
Armour         | 5 |  5.4
Evocations     | 7 |  7.2

Action                     |  1- 3 |  4- 6 |  7- 9 || total
---------------------------+-------+-------+-------++-------
  Melee: Club              |   170 |    61 |       ||   231
         Bite              |     7 |    17 |     4 ||    28
         Punch             |     2 |     5 |       ||     7
         Short sword       |       |   111 |     6 ||   117
         Scimitar          |       |       |    12 ||    12
  Evoke: Wand              |     5 |    10 |     6 ||    21
    Use: Scroll            |       |       |     1 ||     1
         Potion            |       |       |     1 ||     1
   Stab: Sleeping          |       |     1 |       ||     1
 Armour: Leather armour    |   132 |    94 |       ||   226
         Plate armour      |       |    14 |    59 ||    73
  Dodge: Dodged            |   170 |   103 |     5 ||   278

Table legend: (Time is in decaauts)
 A = Elapsed time spent in this place.
 B = Non-inter-level travel time spent in this place.
 C = Inter-level travel time spent in this place.
 D = Time resting spent in this place.
 E = Time spent auto-exploring this place.
 F = Levels seen in this place.
 G = Mean time per level.
                   A        B        C        D        E       F      G
               +--------+--------+--------+--------+--------+-----+--------+
         Total |   3572 |   3509 |     63 |    234 |   2488 |   5 |  714.4 |
       Dungeon |   3572 |   3509 |     63 |    234 |   2488 |   5 |  714.4 |
               +--------+--------+--------+--------+--------+-----+--------+

Top non-repeatable levels by time:
     D:2: 1289 daAuts
     D:1: 979 daAuts
     D:3: 771 daAuts
     D:7: 310 daAuts
     D:4: 221 daAuts
